 Dungeon Sprint DCSS version 0.28.0-43-g3370ac3207 (webtiles) character file.

Game seed: 9827758698638241722

118 boopmooplesden the Chopper (level 4, -21/48 HPs)
             Began as a Minotaur Berserker on Mar 13, 2022.
             Was a Believer of Trog.
             Killed from afar by an oklob sapling priest (25 damage)
             ... with a splash of acid
             ... in the Dungeon (Sprint IV: "Fedhas' Mad Dash").
             The game lasted 00:00:50 (536 turns).

boopmooplesden the Chopper (Minotaur Berserker)      Turns: 536, Time: 00:00:50

Health: -21/48     AC: -1    Str: 23    XL:     4   Next: 72%
Magic:  2/3        EV: 12    Int:  4    God:    Trog [**....]
Gold:   66         SH:  0    Dex: 10    Spells: 3/3 levels left

rFire   . . .      SeeInvis .   j - +0 falchion (holy)
rCold   . . .      Faith    .   (no shield)
rNeg    . . .      Spirit   .   b - +0 animal skin
rPois   .          Reflect  .   (helmet restricted)
rElec   .          Harm     .   (no cloak)
rCorr   .          Rampage  .   (no gloves)
Will    .....      NoTele   +   (no boots)
Stlth   +.........              k - amulet of invisibility {+Inv}
HPRegen 0.16/turn               (no ring)
MPRegen 0.08/turn               (no ring)

@: corroded, very slightly contaminated, invisible (expiring)
A: horns 2, retaliatory headbutt
a: Renounce Religion, Evoke Invisibility, Berserk, Trog's Hand


You were in the Dungeon.
You worshipped Trog.
Trog was pleased with you.
You visited 1 branch You collected 66 gold pieces.

Inventory:

Hand Weapons
 a - a +0 hand axe
 j - a +0 falchion of holy wrath (weapon)
Missiles
 i - 6 javelins (quivered)
Armour
 b - a +0 animal skin (worn)
Jewellery
 k - the amulet of invisibility (around neck) {+Inv}
   (You found it in the Dungeon)

   [amulet of nothing]

   +Inv:      It lets you turn invisible.
Scrolls
 h - a scroll of blinking
Potions
 c - a potion of curing
 d - a potion of heal wounds
 e - a potion of haste
 f - 2 potions of magic
 g - a potion of berserk rage


   Skills:
 + Level 7.9 Fighting
 + Level 7.9 Axes
 + Level 4.3 Armour
 + Level 4.0 Dodging
 + Level 0.3 Stealth
 + Level 0.2 Evocations


You had 3 spell levels left.
You didn't know any spells.
Your spell library was empty.

Dungeon Overview and Level Annotations

Branches:
Dungeon (1/1)

Altars:
Cheibriados
Dithmenos
Elyvilon
Gozag
Hepliaklqana
Kikubaaqudgha
Makhleb
Nemelex Xobeh
Okawaru
Qazlal
Ru
Sif Muna
Trog
Uskayaw
Vehumet
Wu Jian
Xom
Yredelemnul
Zin
The Shining One
Beogh
Jiyva
Lugonu

Annotations:
D exclusion: oklob sapling


Innate Abilities, Weirdness & Mutations

You have a pair of horns on your head.
You reflexively headbutt those who attack you in melee.


Message History

Magic restored.
You fade into invisibility!
An oklob sapling priest comes into view.
Found nine altars.
Marking area around an oklob sapling priest as unsafe for travelling.
There is an open door here.
Found three altars.
Found two altars.
Found three altars.
There is an opulent altar of Gozag here.
Found a corrupted altar of Lugonu and a radiant altar of Vehumet.
There is a hazy altar of Hepliaklqana here.
You hit the oklob sapling priest but do no damage.
You hit the oklob sapling priest.
The oklob sapling priest is lightly damaged.
The oklob sapling priest spits acid at you.
The splash of acid hits you! The acid corrodes you!
You hit the oklob sapling priest but do no damage.
You headbutt the oklob sapling priest, but do no damage.
The oklob sapling priest is lightly damaged.
The oklob sapling priest miscasts a cantrip.
You hit the oklob sapling priest but do no damage.
The oklob sapling priest is lightly damaged.
You flicker for a moment.
The oklob sapling priest spits acid at you.
The splash of acid hits you!!
You hit the oklob sapling priest but do no damage.
The oklob sapling priest is lightly damaged.
You catch the helpless oklob sapling priest completely off-guard!
You hit the oklob sapling priest but do no damage.
The oklob sapling priest is lightly damaged.
The oklob sapling priest mumbles some strange prayers to its god against you.
Something smites you!
* * * LOW HITPOINT WARNING * * *
You hit the oklob sapling priest but do no damage.
The oklob sapling priest is lightly damaged.
The oklob sapling priest spits acid at you.
The splash of acid hits you!!
Ouch! That really hurt!
You die...

########################
....#.....#.⌠._._._._.⌠.
÷...'.#...'.._._@_._._..
....#.#...#..._._P_._...
########'##.._._._._._..
+...#._._._._._.⌠.
#...############## #####


You could see an oklob sapling priest.

Vanquished Creatures
  A scorpion (D)
  2 oklob saplings (D)
  A river rat (D)
  A rat (D)
5 creatures vanquished.

Vanquished Creatures (others)
  2 fungi (D)
2 creatures vanquished.

Grand Total: 7 creatures vanquished

Notes
Turn   | Place    | Note
-------+----------+-------------------------------------------
     0 | D        | boopmooplesden the Minotaur Berserker began the quest for
                  | the Orb.
     0 | D        | Reached XP level 1. HP: 19/19 MP: 0/0
     9 | D        | Reached XP level 2. HP: 28/28 MP: 1/1
   351 | D        | Noticed an oklob sapling
   352 | D        | Killed an oklob sapling
   353 | D        | Reached skill level 5 in Fighting
   353 | D        | Reached XP level 3. HP: 37/37 MP: 2/2
   354 | D        | Noticed a scorpion
   354 | D        | Found the amulet of invisibility {+Inv}
   357 | D        | Killed a scorpion
   357 | D        | Reached ** piety under Trog
   358 | D        | Reached XP level 4. HP: 47/47 MP: 3/3
   512 | D        | Found an opulent altar of Gozag.
   512 | D        | Found a hazy altar of Hepliaklqana.
   512 | D        | Found a snail-covered altar of Cheibriados.
   523 | D        | Found a viscous altar of Jiyva.
   523 | D        | Found a burning altar of Makhleb.
   523 | D        | Found a sparkling altar of Nemelex Xobeh.
   523 | D        | Found a sacrificial altar of Ru.
   523 | D        | Found a shimmering blue altar of Sif Muna.
   523 | D        | Found a bloodstained altar of Trog.
   523 | D        | Found an ornate altar of the Wu Jian Council.
   523 | D        | Found a shimmering altar of Xom.
   523 | D        | Found a basalt altar of Yredelemnul.
   524 | D        | Found an iron altar of Okawaru.
   524 | D        | Found a shadowy altar of Dithmenos.
   524 | D        | Found a glowing silver altar of Zin.
   525 | D        | Found an ancient bone altar of Kikubaaqudgha.
   525 | D        | Found a hide-covered altar of Uskayaw.
   526 | D        | Found a stormy altar of Qazlal.
   526 | D        | Found a white marble altar of Elyvilon.
   526 | D        | Found a glowing golden altar of the Shining One.
   527 | D        | Found a corrupted altar of Lugonu.
   527 | D        | Found a radiant altar of Vehumet.
   536 | D        | Killed from afar by an oklob sapling priest

Illustrated notes

Levels and vault maps discovered:
D:        dungeon_sprint_fedhas [sprint_temple]

Skill      XL: |  1  2  3  4 |
---------------+-------------+-----
Fighting       | 4 5 7 |  7.9
Axes           | 4 6 7 |  7.9
Armour         | 3 4 |  4.3
Dodging        | 3 4 |  4.0
Stealth        | |  0.3
Evocations     | |  0.2

Action                   |  1- 3 |  4- 6 || total
-------------------------+-------+-------++-------
Melee: Hand axe          |     8 |       ||     8
       Headbutt          |     2 |     2 ||     4
       Falchion          |       |     8 ||     8
Invok: Berserk           |     2 |       ||     2
 Abil: Evoke Invisibilit |       |     2 ||     2
 Stab: Invisible         |       |     1 ||     1
       Sleeping          |       |     1 ||     1
Dodge: Dodged            |     3 |       ||     3
